 Dungeon Sprint DCSS version 0.27-a0-797-g27d10ad80f (webtiles) character file.

Game seed: 1211252542185824438

155 mhtbhm the Cudgeller (level 5, -1/57 HPs)
             Began as a Troll Berserker on Mar 27, 2021.
             Was a Priest of Trog.
             Slain by a howler monkey (6 damage)
             ... in the Dungeon (Sprint IX: "|||||||||||||||||||||||||||||").
             The game lasted 00:00:11 (152 turns).

mhtbhm the Cudgeller (Troll Berserker)               Turns: 152, Time: 00:00:11

Health: -1/57      AC:  4    Str: 26    XL:     5   Next: 14%
Magic:  4/4        EV: 11    Int:  3    God:    Trog [***...]
Gold:   0          SH:  0    Dex:  9    Spells: 4/4 levels left

rFire    . . .     SeeInvis .   a - +0 mace
rCold    . . .     Faith    .   (no shield)
rNeg     . . .     Spirit   .   b - +0 animal skin
rPois    .         Reflect  .   (helmet restricted)
rElec    .         Harm     .   (no cloak)
rCorr    .         Rampage  .   (gloves unavailable)
Will     .....     NoTele   +   (boots unavailable)
Stlth    +.........             (no amulet)
HPRegen  1.19/turn              (no ring)
MPRegen  0.09/turn              (no ring)

@: berserk cooldown, slowed, very slow
A: large, unfitting armour, claws 3, regeneration 1, shaggy fur 1, tough skin 1
a: Renounce Religion, Berserk, Trog's Hand


You were in the Dungeon.
You worshipped Trog.
Trog was most pleased with you.
You visited 1 branch

Inventory:

Hand Weapons
 a - a +0 mace (weapon)
Armour
 b - a +0 animal skin (worn)
Scrolls
 h - a scroll of blinking
Potions
 c - a potion of curing
 d - a potion of heal wounds
 e - a potion of haste
 f - 2 potions of magic
 g - a potion of berserk rage


   Skills:
 + Level 5.5 Fighting
 + Level 6.1 Maces & Flails
 + Level 5.6 Dodging


You had 4 spell levels left.
You didn't know any spells.
Your spell library was empty.

Dungeon Overview and Level Annotations

Branches:
Dungeon (1/1)

Altars:


Innate Abilities, Weirdness & Mutations

You are too large for most types of armour.
You have claws for hands.
Your natural rate of healing is unusually fast.
You are covered in fur. (AC +1)
You have tough skin. (AC +1)


Message History

You barely miss the scorpion. The scorpion stings you!
You barely miss the scorpion. The scorpion stings you.
You are poisoned.
The scorpion poisons you! The scorpion closely misses you.
The howler monkey hoots and howls with incredible vigour!
You hit the scorpion.
The scorpion is moderately wounded.
You feel extremely sick.
The scorpion stings you but does no damage.
The scorpion stings you.
You sock the scorpion!
The scorpion is severely wounded.
You feel sick. The scorpion stings you!
* * * LOW HITPOINT WARNING * * *
You sock the scorpion!
You kill the scorpion!
Trog accepts your kill.
You feel sick.
You are no longer poisoned.
The howler monkey hoots and howls with incredible vigour!
Your Fighting skill increases to level 5!
Your Maces & Flails skill increases to level 6!
You have reached level 5!
You barely miss the howler monkey. The howler monkey hits you.
* * * LOW HITPOINT WARNING * * *
The howler monkey hits you but does no damage.
You hit the howler monkey.
The howler monkey is lightly wounded.
The howler monkey hits you.
* * * LOW HITPOINT WARNING * * *
The howler monkey hoots and howls with incredible vigour!
You sock the howler monkey!
The howler monkey is severely wounded.
The howler monkey barely misses you. The howler monkey hits you!
* * * LOW HITPOINT WARNING * * *
Unknown command.
You barely miss the howler monkey.
The howler monkey is severely wounded.
The howler monkey hits you.
You die... ▓▓▓▓▓▓▓▓▓▓▓▓▓▓▓▓▓▓ +....Zh@....†...<▓ ▓▓▓▓▓▓▓▓▓▓▓▓▓▓▓▓▓▓

You could see a howler monkey (catching breath) and a quokka skeleton.

Vanquished Creatures
  A black bear (D)
  A scorpion (D)
  An adder (D)
  An endoplasm (D)
  A giant cockroach (D)
  A quokka (D)
  A ball python (D)
  A rat (D)
8 creatures vanquished.

Notes
Turn   | Place    | Note
-------+----------+-------------------------------------------
     0 | D        | mhtbhm the Troll Berserker began the quest for the Orb.
     0 | D        | Reached XP level 1. HP: 22/22 MP: 0/0
    14 | D        | Reached ** piety under Trog
    15 | D        | Reached skill level 3 in Maces & Flails
   128 | D        | Noticed a howler monkey
   128 | D        | Noticed a scorpion
   128 | D        | Noticed a black bear
   138 | D        | Reached XP level 2. HP: 31/31 MP: 1/1
   143 | D        | Killed a black bear
   143 | D        | Reached *** piety under Trog
   144 | D        | Reached skill level 5 in Maces & Flails
   144 | D        | Reached skill level 5 in Dodging
   144 | D        | Reached XP level 3. HP: 33/41 MP: 2/2
   144 | D        | Reached XP level 4. HP: 39/49 MP: 3/3
   149 | D        | Reached skill level 5 in Fighting
   149 | D        | Reached skill level 6 in Maces & Flails
   149 | D        | Reached XP level 5. HP: 16/57 MP: 4/4
   152 | D        | Slain by a howler monkey

Illustrated notes

Levels and vault maps discovered:
D:        linesprint [early_d, line_temple, items_1, d_10, items_2, lair_1,
          lair_end, items_3, orc_1, orc_end, items_4, d_15, swamp_1, shoals_1,
          snake_1, spider_1, d_20, vaults_1, items_5, swamp_end, shoals_end,
          snake_end, spider_end, vaults_end, d_27, items_6, zot_1, zot_end,
          crypt_end, forest_end, elf_end, slime_end, tomb_end, abyss_end,
          pan_hell_end]

Skill      XL: |  1  2  3  4 |
---------------+-------------+-----
Maces & Flails | 3 5 6 |  6.1
Dodging        | 3 5 |  5.6
Fighting       | 3 4 5 |  5.5

Action                   |  1- 3 |  4- 6 || total
-------------------------+-------+-------++-------
Melee: Mace              |    32 |     9 ||    41
Invok: Berserk           |     1 |       ||     1
Armor: Animal skin       |     9 |     2 ||    11
Dodge: Dodged            |    20 |     2 ||    22

Table legend: (Time is in decaauts)
 A = Elapsed time spent in this place.
 B = Non-inter-level travel time spent in this place.
 C = Inter-level travel time spent in this place.
 D = Time resting spent in this place.
 E = Time spent auto-exploring this place.
 F = Levels seen in this place.
 G = Mean time per level.
                   A        B        C        D        E       F      G
               +--------+--------+--------+--------+--------+-----+--------+
         Total |    159 |    159 |      0 |    100 |      3 |   1 |  159.0 |
       Dungeon |    159 |    159 |      0 |    100 |      3 |   1 |  159.0 |
               +--------+--------+--------+--------+--------+-----+--------+

Top non-repeatable levels by time:
       D: 159 daAuts
